[Event "German Bundesliga 2024-25"]
[Site "Germany"]
[Date "2025.01.11"]
[Round "5.9"]
[White "Wei, Yi"]
[Black "Ivic, Velimir"]
[Result "1-0"]
[Annotator "TA"]
[ECO "C42"]
[WhiteElo "2753"]
[BlackElo "2622"]
[PlyCount "133"]
[EventDate "2024.09.27"]
[EventType "team-tourn"]
[EventCountry "GER"]
[SourceTitle "playchess.com"]
[Source "ChessBase"]
[SourceQuality "1"]
[WhiteTeam "Duesseldorf"]
[BlackTeam "Werder Bremen"]
[TimeControl "40/5400+30:1800+30"]

1. e4 e5 2. Nf3 Nf6 3. Nxe5 d6 4. Nf3 Nxe4 5. Nc3 Nxc3 6. dxc3 Be7 7. Bf4 O-O 8. Qd2 Nd7 9. O-O-O Re8 10. h4 h6 11. g4 Nc5 $1 12. g5 Bg4 13. Bg2 $36 {[%emt 0:01:16][%mdl 2048] White is more active.} h5 14. Rde1 Qd7 15. Nd4 {[%emt 0:01:26] Against Qc6} Bf8 16. b4 Qa4 {[%emt 0:07:50] ( -> ...Qa3+)} 17. Kb1 a5 18. bxc5 $16 dxc5 {[%emt 0:00:14] [#]} 19. Nb3 $1 Rad8 {[%emt 0:17:40] [#]} 20. Qc1 $1 (20. Bd5 Be6 (20... Rxd5 $2 21. Qxd5 Be6 22. Rxe6 $18) 21. c4 c6 $19) 20... c4 21. Bxc7 cxb3 (21... Rc8 $142) 22. axb3 $18 (22. Bxb7 $2 Qxa2#) 22... Qb5 (22... Rxe1 23. Rxe1 (23. bxa4 Rxc1+ 24. Rxc1 Re8 $16) 23... Qd7 24. Bxd8 Qxd8 25. Qf4 $18 (25. Bxb7 a4 $18)) 23. Bxd8 Rxd8 24. Qf4 Bd6 25. Qc4 (25. Qe4 $142) 25... Qxc4 26. bxc4 Bc5 27. Bd5 (27. Bxb7 Rb8 (27... Bxf2 $2 28. Re5 $18) 28. Ka2 Rxb7 $19) 27... Kf8 28. f3 (28. Bxb7 $2 Rb8 (28... Bxf2 $2 29. Re5 $18) 29. Ka1 Rxb7 $19) 28... Bc8 29. Rd1 g6 30. Ka2 b6 (30... Kg7 $142 31. Kb2 Rh8) 31. Bc6 Rxd1 32. Rxd1 {[%emt 0:00:02][%mdl 4096] Endgame KRB-KB} Be6 33. Kb3 Bf2 34. Bd5 Bf5 35. Rh1 Ke7 36. Rh2 Bg3 37. Rh1 ({White should try} 37. Re2+ $14 Kf8 38. Be4) 37... Bf2 $1 $16 {[%emt 0:00:34] This pair of bishops is nice.} 38. Bc6 (38. Be4 $16 {And now Bxf5 would win.} Bd7 39. Kb2) 38... Kd6 $1 $11 39. Bb7 Ke7 (39... Ke5 $1 $11) 40. Bd5 Bd7 41. Rh2 Bg3 42. Re2+ Kf8 43. Re4 Bd6 (43... Bf2 $16 44. Rf4 Bf5) 44. Rd4 $18 Bc5 45. Rd2 Bh3 $2 (45... Be3 {keeps fighting.} 46. Rd1 Bf2 47. Bxf7 Bf5) 46. Bc6 f6 47. f4 ({Don't do} 47. gxf6 Kf7 48. Rh2 Bf5 $18) 47... Bf5 48. Bd7 (48. gxf6 Kf7 49. Rg2 Be3 $11) 48... Be4 49. Be6 ({Less strong is} 49. gxf6 Kf7 50. Re2 Bf3 $18) 49... fxg5 50. fxg5 (50. hxg5 Ke7 51. Bd5 Bf5 52. Re2+ Kf8 $16) 50... Bc6 51. Bd7 Bf3 52. Ka4 Ke7 53. Kb5 Bb7 54. Bh3 Bf3 55. Rd7+ Kf8 56. Be6 Be4 $2 (56... Bg4 57. Rf7+ (57. Bxg4 hxg4 58. Rd3 Bf2 $11) 57... Ke8) 57. Rf7+ Ke8 58. Rf6 Ke7 59. Bf7 Bf5 60. Bxg6 Bd7+ 61. Ka6 a4 62. Bf5 {[%emt 0:01:05] Inhibits Be6.} Be8 63. Re6+ Kf8 64. g6 a3 {[%emt 0:00:52] [#]} 65. g7+ $1 Kxg7 66. Rxe8 a2 67. Re1 1-0

[Event "German Bundesliga 2024-25"]
[Site "Germany"]
[Date "2025.01.11"]
[Round "5.9"]
[White "Narayanan S L"]
[Black "Bartel, Mateusz"]
[Result "1/2-1/2"]
[Annotator "TA"]
[ECO "D02"]
[WhiteElo "2638"]
[BlackElo "2613"]
[PlyCount "123"]
[EventDate "2024.09.27"]
[EventType "team-tourn"]
[EventCountry "GER"]
[SourceTitle "playchess.com"]
[Source "ChessBase"]
[SourceQuality "1"]
[WhiteTeam "Deggendorf"]
[BlackTeam "TU Dresden"]
[TimeControl "40/5400+30:1800+30"]

1. Nf3 d5 2. g3 Nd7 3. d4 Nb6 4. b3 Bf5 5. a4 a5 6. Ba3 g6 7. Bg2 Bg7 8. O-O Nf6 9. e3 O-O 10. Nbd2 Ne4 11. Nh4 Bg4 12. Qxg4 Nxd2 13. Rfc1 Re8 14. Qd1 Ne4 15. Nf3 e6 16. c4 c6 17. Qc2 f5 18. Ne5 Nd7 19. Nd3 Rc8 20. Bb2 Qb6 21. Rab1 Bf8 22. f3 Nef6 23. Bc3 Qd8 24. Qd2 Ra8 25. Re1 Bh6 26. Qe2 Qe7 27. Kh1 Bg7 28. Qd2 Qd8 29. Qa2 Kh8 30. Re2 Qc7 31. Rbe1 b5 32. cxb5 cxb5 33. Rc1 Qb8 34. Rec2 Rc8 35. axb5 Qxb5 36. Bf1 Qb6 37. Bd2 Rxc2 38. Rxc2 g5 39. Qa4 g4 40. fxg4 fxg4 41. b4 Qb7 42. bxa5 Ne4 43. Be1 Bh6 44. Be2 Bxe3 45. Bxg4 Ndf6 46. Bf3 (46. Bxe6 $6 Qb1 $14) 46... Qa7 {[%emt 0:00:00] [#]} (46... Qb1 $16) 47. Nc5 (47. Qc6 $1 $18 ) 47... Qf7 $1 $14 48. Qc6 Rb8 (48... Re8 $1 $14) 49. Kg2 $2 (49. Qxe6 Rb1 50. Re2 (50. Qxf7 $2 Rxe1+ 51. Kg2 Rg1+ 52. Kh3 Ng5+ 53. Kh4 Nxf3+ 54. Kh3 Ng5+ 55. Kh4 Nxf7 $19) 50... Qxe6 51. Nxe6 Bd2 $16) ({Better is} 49. Nxe6 $18 {Black must now prevent a6.} Rb1 50. Re2) 49... Ng5 $1 $11 50. Be2 $2 (50. Bd1 $11 {and White is okay.} Rb1 51. Nxe6 Nxe6 (51... Qxe6 $2 52. Qxe6 Nxe6 53. a6 $19) 52. Re2) 50... Rb1 $2 (50... Qg6 $1 $19 51. Qd6 (51. Nxe6 $2 Qe4+ 52. Kf1 Qh1#) 51... Rg8) 51. Nd3 $1 $11 Bxd4 $2 (51... Qg6 $1 $11 52. h4 Qe4+ 53. Kh2 Nh3 54. Qc8+ (54. Kxh3 $2 Qh1#) 54... Ng8 55. Kxh3 Qh1+ 56. Kg4 h5+ 57. Kxh5 Qe4) 52. h4 $2 (52. Bf2 $18 Bxf2 53. Nxf2) 52... Nge4 $16 53. Qc8+ Ng8 54. Bg4 (54. Qc7 $14 Qxc7 55. Rxc7) 54... Nc5 $2 {[%emt 0:05:33][%mdl 8192] [#]} (54... Nxg3 $1 $11 {and Black is okay.} 55. Bf2 (55. Kxg3 Qf1 $19) 55... Nf5 (55... Bxf2 56. Rxf2 Qg7 57. Qxe6 $11) 56. Bxf5 Qg7+ 57. Kf3 exf5 58. Qxf5 Bxf2 59. Rxf2 Ra1) 55. Bf2 $1 $18 (55. Nxc5 $2 Rxe1 56. Qa6 Qg6 $19 (56... Qc7 57. Qd3 $17)) 55... Nxd3 (55... Bxf2 $142 56. Nxf2 (56. Rxf2 Qg6 $18) 56... Ne4 57. Bxe6 (57. Qxe6 Qxe6 58. Bxe6 Nef6 $18) 57... Qg6) 56. Bxd4+ $18 (56. Bxe6 Nf4+ 57. gxf4 Qg6+ 58. Bg4 Bxf2 59. Kxf2 (59. Rxf2 h5 $17) 59... Qe4 $11) 56... e5 57. Bf2 ({Weaker is} 57. Rf2 Qg7 58. Qf5 (58. Bf5 Rb3 $17) 58... Rb3 $14 (58... exd4 $2 {loses.} 59. Qxd3 Re1 60. Bf3 $18) (58... Nxf2 $2 59. Bxe5 Ne4 60. Bxg7+ Kxg7 61. Qe5+ Ngf6 62. a6 $18)) (57. Bf5 $142 {White threatens Rc7 and mate.} exd4 58. Bxd3) 57... Rc1 $18 {[%emt 0:04:36] [#]} 58. Bf3 $2 (58. a6 h5 59. Bf3 (59. a7 hxg4 60. Rxc1 Qxf2+ 61. Kh1 Qf3+ 62. Kh2 Nxc1 $19) 59... Nf4+ 60. Kh2 Nd3 61. Rxc1 Qxf3 $11) (58. h5 $1 $18) 58... Nf4+ $1 $11 59. Kh2 $1 Nd3 $1 60. Kg2 Nf4+ $1 61. Kh2 Nd3 $1 62. Kg2 1/2-1/2

[Event "German Bundesliga 2024-25"]
[Site "Germany"]
[Date "2025.01.11"]
[Round "5.10"]
[White "McShane, Luke J"]
[Black "Giri, Anish"]
[Result "1/2-1/2"]
[Annotator "TA"]
[ECO "B51"]
[WhiteElo "2609"]
[BlackElo "2733"]
[PlyCount "116"]
[EventDate "2024.09.27"]
[EventType "team-tourn"]
[EventCountry "GER"]
[SourceTitle "playchess.com"]
[Source "ChessBase"]
[SourceQuality "1"]
[WhiteTeam "Werder Bremen"]
[BlackTeam "Duesseldorf"]
[TimeControl "40/5400+30:1800+30"]

1. e4 c5 2. Nf3 d6 3. Bb5+ Nd7 4. d4 cxd4 5. Qxd4 a6 6. Be2 Ngf6 7. O-O e5 8. Qe3 Nc5 9. Nfd2 h5 10. a4 g6 11. a5 Bh6 12. Qa3 O-O 13. Nc3 Be6 14. Rd1 Qc7 15. Nc4 Bxc1 16. Raxc1 Ncxe4 17. Nxe4 Nxe4 18. Nxd6 Nxd6 19. Qxd6 Qxa5 20. Ra1 Qd8 21. Qxe5 Qe7 22. Bc4 Rfe8 23. Bxe6 (23. Bd3 {with more complications.} Qb4 24. Qf6 Rad8 25. h3) 23... Qxe6 24. Qxe6 Rxe6 $11 {[%emt 0:00:04][%mdl 4096] Endgame KRR-KRR} 25. Rd2 {[%emt 0:00:11] Repels Re2} Rc8 26. g3 Rc5 27. Kg2 Kg7 28. h4 Rb6 29. c3 Rcb5 30. Ra2 Rb3 31. Kf3 Re6 32. Ra4 Reb6 33. Ra2 $1 Kf6 34. Re2 R6b5 35. Rd2 Kf5 36. Re2 f6 37. Kg2 g5 38. hxg5 fxg5 39. f3 a5 40. Kf2 b6 41. Kf1 g4 42. Kf2 Kg5 43. fxg4 hxg4 44. Kg2 Kf5 45. Kf2 Re5 46. Rd2 Kg5 47. Kg2 Reb5 48. Rf2 Rf5 49. Re2 Rbb5 50. Ra4 Rbe5 51. Rd2 Rd5 52. Re2 Rde5 53. Rd2 Re1 54. Rad4 Rfe5 55. Kf2 Rh1 56. Kg2 Rhe1 57. Kf2 {[%emt 0:00:07] Prevents R5e2+.} Rh1 58. Kg2 Rhe1 1/2-1/2

[Event "German Bundesliga 2024-25"]
[Site "Germany"]
[Date "2025.01.11"]
[Round "5.10"]
[White "Pechac, Jergus"]
[Black "Indjic, Aleksandar"]
[Result "1/2-1/2"]
[Annotator "TA"]
[ECO "C42"]
[WhiteElo "2599"]
[BlackElo "2647"]
[PlyCount "118"]
[EventDate "2024.09.27"]
[EventType "team-tourn"]
[EventCountry "GER"]
[SourceTitle "playchess.com"]
[Source "ChessBase"]
[SourceQuality "1"]
[WhiteTeam "TU Dresden"]
[BlackTeam "Deggendorf"]
[TimeControl "40/5400+30:1800+30"]

1. e4 e5 2. Nf3 Nf6 3. Nxe5 d6 4. Nf3 Nxe4 5. d4 d5 6. Bd3 Bd6 7. O-O O-O 8. c4 c6 9. Nc3 Nxc3 10. bxc3 dxc4 11. Bxc4 Bg4 12. h3 Bh5 13. g4 Bg6 14. Ne5 b5 15. Nxg6 hxg6 16. Be2 Nd7 17. Bf3 Qc7 18. a4 Rab8 19. Qd3 bxa4 20. Rxa4 Nb6 21. Ra6 Qd7 22. Bd2 Rbc8 23. Kg2 Bb8 24. Rh1 c5 25. d5 c4 26. Qd4 Rfd8 {[%emt 0:01:22] [#]} 27. Ra5 $1 Qc7 28. Rb5 (28. Be3 $16) 28... Re8 (28... Qd7 $1 $11 29. Ra5 Qd6) 29. Be3 $14 Qd7 {[%emt 0:03:25] [#]} 30. Ra5 $1 Qd6 31. Ra6 (31. h4 $14) 31... Re7 (31... Rxe3 $11 32. Qxe3 Nxd5 33. Bxd5 Qxa6) 32. Bc1 Rd7 $1 33. Ra5 Rcd8 34. Bg5 Re8 (34... f6 $1 $11 35. Be3 f5) 35. Bc1 (35. h4 $16) 35... Qc7 (35... Red8 $1 $11 {remains equal.}) 36. Be3 Rde7 37. Bg5 Rd7 38. Rc5 Qd6 39. Rc6 Qa3 (39... Qe5 $14 40. h4 Qxd4 41. cxd4 f6) 40. Bc1 Qe7 41. Rd1 (41. Be3 $14) 41... Be5 42. Qe3 Qd8 43. Re1 ({White should play} 43. Qd2 $14) 43... Ree7 $11 ({Much weaker is} 43... Nxd5 44. Qe4 $14) 44. Rd1 Nxd5 45. Qc5 Nb6 46. Bg5 f6 47. Rxd7 Qxd7 48. Be3 Re6 49. Qb5 Rxc6 50. Bxc6 Qd6 51. Be4 Qd7 $1 52. Bc6 (52. Qxd7 Nxd7 53. Bxa7 Bxc3 54. Bxg6 Ne5 55. Be4) 52... Qd6 53. Bc5 Qd8 54. h4 (54. Bxb6 {simplifies} axb6 55. Qxc4+ Kh7 56. Qe4) 54... Qc8 (54... Bxc3 $2 {too greedy.} 55. Bxb6 axb6 56. Qxc4+ Kh7 57. Qxc3 $18) 55. Kh3 f5 56. f3 fxg4+ 57. fxg4 Qd8 58. Be4 Kh8 59. Bxb6 (59. Qc6 $5 Nd7 $8 60. Bxa7 $14 (60. Bxg6 Nxc5 61. Qxc5 Qa8 $11)) 59... Qxb6 1/2-1/2

[Event "German Bundesliga 2024-25"]
[Site "Germany"]
[Date "2025.01.11"]
[Round "5.11"]
[White "Sindarov, Javokhir"]
[Black "Areshchenko, Alexander"]
[Result "1-0"]
[Annotator "TA"]
[ECO "D85"]
[WhiteElo "2682"]
[BlackElo "2606"]
[PlyCount "105"]
[EventDate "2024.09.27"]
[EventType "team-tourn"]
[EventCountry "GER"]
[SourceTitle "playchess.com"]
[Source "ChessBase"]
[SourceQuality "1"]
[WhiteTeam "Duesseldorf"]
[BlackTeam "Werder Bremen"]
[TimeControl "40/5400+30:1800+30"]

1. d4 Nf6 2. c4 g6 3. Nc3 d5 4. cxd5 Nxd5 5. e4 Nxc3 6. bxc3 Bg7 7. Nf3 c5 8. Bb5+ Nc6 9. O-O O-O 10. Bxc6 bxc6 11. Qc2 cxd4 12. cxd4 Bg4 13. Ne5 Qxd4 14. Bb2 Qb6 15. Rab1 Bxe5 16. Bxe5 Qa5 17. Bc3 Qc5 18. h3 Be6 19. Kh2 Rab8 20. Rbc1 f6 21. f4 Bf7 22. Rf3 Qc4 23. f5 Qxa2 24. Qd1 g5 25. Rg3 Qf2 26. Rf3 Qb6 27. Qe1 Qc7+ 28. Rg3 Qf4 29. Rc2 Rb3 30. Rf2 (30. e5 $5) 30... Qb8 31. e5 Rd8 32. Rd2 (32. exf6 $2 exf6 33. Qe3 h5 $19) (32. e6 $2 Rb1 33. exf7+ Kf8 $19) 32... Rd5 (32... Kf8 {feels hotter.} 33. exf6 exf6 34. Bb4+ Kg8) 33. Rxd5 Bxd5 34. h4 (34. exf6 exf6 35. h4 h5 36. Bxf6 Qxg3+ 37. Qxg3 Rxg3 38. Kxg3 g4 $17) 34... h6 35. Qe2 (35. exf6 {simplifies} exf6 36. hxg5 hxg5 37. Bxf6 Rxg3 38. Qxg3 Qxg3+ 39. Kxg3 Kf7 40. Bxg5 Be4 41. Kf4) 35... Bf7 36. Qf3 Qb6 (36... fxe5 37. hxg5 (37. Qxc6 Qd6 $16) 37... hxg5 38. Qxc6 (38. Rxg5+ Kf8 $11)) 37. hxg5 hxg5 38. Qg4 Qf2 39. e6 Be8 40. Rd3 (40. Rh3 $1 $11 {keeps the balance.} Qf4+ 41. Qxf4 gxf4 42. g4) 40... Rb1 $1 $17 41. Rd8 Kf8 (41... Qg1+ $142 42. Kg3 Kf8) 42. Qd4 $17 {[%emt 0:00:00] [#]} Qxd4 $1 (42... Qxf5 $6 43. Rxe8+ Kxe8 44. Qd7+ Kf8 45. Qd8+ Kg7 46. Qxe7+ Kh6 47. Qf8+ (47. Qxf6+ $2 Qxf6 48. Bxf6 Re1 $19) 47... Kh7 (47... Kh5 48. Qh8+ Kg6 49. Qg8+ Kh5 50. Qh8+ Kg6 51. Qe8+ Kg7 52. Qf7+ Kh6 53. Qf8+ Kh5 54. Qh8+ $11) 48. Qf7+ Kh6 49. Qf8+ Kg6 50. Qf7+ Kh6 51. Qf8+ $11) 43. Rxd4 {[%emt 0:00:00] [#]} (43. Bxd4 $2 {is the wrong capture.} Rd1 $19) 43... Rc1 (43... Rb3 $1 $17 44. Bb4 a5) 44. Bd2 $1 $15 Ra1 45. Be3 $1 a5 46. Rd3 (46. Rc4 $11) 46... a4 $15 47. Bc5 Rc1 48. Ba3 Rc2 ({Black should try} 48... Rc4 $15 49. Rh3 Kg7 (49... Rh4 50. Rxh4 gxh4 51. Bc5 $11) 50. Bxe7 c5) 49. Rh3 $1 $11 Kg7 50. Bxe7 c5 51. Rd3 $1 Bc6 52. Rd7 $1 Rxg2+ 53. Kh3 1-0

[Event "German Bundesliga 2024-25"]
[Site "Germany"]
[Date "2025.01.11"]
[Round "5.11"]
[White "Sankalp Gupta"]
[Black "Vogel, Roven"]
[Result "0-1"]
[Annotator "TA"]
[ECO "B33"]
[WhiteElo "2550"]
[BlackElo "2558"]
[PlyCount "102"]
[EventDate "2024.09.27"]
[EventType "team-tourn"]
[EventCountry "GER"]
[SourceTitle "playchess.com"]
[Source "ChessBase"]
[SourceQuality "1"]
[WhiteTeam "Deggendorf"]
[BlackTeam "TU Dresden"]
[TimeControl "40/5400+30:1800+30"]

1. e4 c5 2. Nf3 Nc6 3. d4 cxd4 4. Nxd4 Nf6 5. Nc3 e5 6. Ndb5 d6 7. Nd5 Nxd5 8. exd5 Nb8 9. a4 Be7 10. Be2 O-O 11. O-O Nd7 12. a5 {[%emt 0:08:02] 12.b4 is the modern continuation.} a6 13. Nc3 f5 14. b4 {[%emt 0:04:19] B33: Sicilian: Pelikan and Sveshnikov Variations.} e4 15. f3 (15. Na4 $11) 15... Bf6 16. Ra3 {[%emt 0:01:32] Black is slightly better.} exf3 17. Bxf3 Qc7 $146 (17... Ne5 18. Ne2 Bd7 19. Nd4 Qe7 20. Be2 g6 21. Rg3 Kh8 22. Kh1 Rac8 23. Re3 Qf7 {½-½ Kniazev,A (2286)-Khakimov,T (2132) RUS-Cup04 Samara 2002 (3)}) 18. Ne2 Qc4 {[%emt 0:11:23] Prevents Nd4.} 19. Qd2 Ne5 {[%emt 0:02:02] Black is more active.} 20. Rc3 Nxf3+ (20... Qxb4 $2 21. Rxc8 Qxd2 22. Rxf8+ Rxf8 23. Bxd2 $18) 21. Rfxf3 Bxc3 22. Rxc3 Qh4 (22... Qxb4 23. Rxc8 Qxd2 24. Rxf8+ Rxf8 25. Bxd2 $16) 23. Bb2 $2 (23. Rh3 $17 Qf6 24. Nf4) 23... Qxb4 $19 24. Qc1 Rf7 (24... Qxa5 25. Rg3 Rf7 (25... Qxd5 26. Rxg7+ Kh8 27. Re7+) 26. h3 $19) 25. Rb3 Qc5+ 26. Bd4 Qxd5 27. c4 Qxa5 28. Nf4 Bd7 29. Ra3 Ba4 (29... Qc7 $142 30. h3 Qd8) 30. Nd5 {[%emt 0:02:43] Hoping for Bb6.} Re8 31. Kf1 {[%emt 0:03:51] [#] Repels Re1+} (31. Ra1 $17 {was forced.} Rfe7 32. Nxe7+ Rxe7 33. h3) 31... Qd8 $1 32. Rxa4 Qh4 33. Bg1 Re4 34. h3 {[%emt 0:02:49] [#]} (34. Qd1 $142) 34... f4 $1 35. Bf2 {[%emt 0:03:20] Against Qg3} Qh5 36. Qb1 Qe2+ 37. Kg1 Rxc4 38. Ra2 Qe5 39. Qd1 Rf5 (39... f3 $19 {Hoping for ...fxg2.} 40. gxf3 Rf5) 40. Ra5 $2 (40. Rd2 $17 {is a better defense.}) 40... Kh8 41. Nb6 Qxa5 42. Nxc4 Qd5 43. Qe2 h6 44. Qe8+ Kh7 45. Nb6 Qd1+ 46. Kh2 Qc2 {[%emt 0:00:17][%cal Of5e5] Black is clearly winning. Inhibits Qe4.} 47. Nc8 {[%emt 0:12:09] White wants to mate with Ne7.} Qc6 ({Weaker is} 47... Qxf2 48. Qe4 $17) 48. Qxc6 bxc6 49. Nxd6 Rd5 50. Ne4 a5 51. Nc5 Rd2 {[%emt 0:01:53] Weighted Error Value: White=0.36/Black=0.17 (very precise)   Loses game:     	White=2     	---        Mistake:       	White=3     	Black=2      Inaccurate:     	White=3     	---        OK:         	White=12    	Black=23     Best:        	White=2     	Black=2      Strong:       	---       	Black=2} 0-1

[Event "German Bundesliga 2024-25"]
[Site "Germany"]
[Date "2025.01.11"]
[Round "5.12"]
[White "Nisipeanu, Liviu-Dieter"]
[Black "Petrov, Martin"]
[Result "1/2-1/2"]
[Annotator "TA"]
[ECO "B52"]
[WhiteElo "2596"]
[BlackElo "2550"]
[PlyCount "40"]
[EventDate "2024.09.27"]
[EventType "team-tourn"]
[EventCountry "GER"]
[SourceTitle "playchess.com"]
[Source "ChessBase"]
[SourceQuality "1"]
[WhiteTeam "TU Dresden"]
[BlackTeam "Deggendorf"]
[TimeControl "40/5400+30:1800+30"]

1. e4 c5 2. Nf3 d6 3. Bb5+ Bd7 4. Bxd7+ Nxd7 5. O-O e6 6. Qe2 Be7 7. c3 Ngf6 8. d4 O-O 9. Rd1 Qc7 10. e5 dxe5 11. dxe5 Nd5 $1 12. c4 Nb4 13. Nc3 a6 {[%emt 0:13:53] Dodges Nb5} 14. Bf4 Rfd8 15. h4 Nf8 16. h5 Rxd1+ 17. Rxd1 Rd8 18. a3 {[%emt 0:16:51] aiming for Rxd8.} Rxd1+ 19. Qxd1 (19. Nxd1 $5 Nc6 $8 20. Nc3 $11) 19... Nc6 20. Ne4 Qd7 1/2-1/2

[Event "German Bundesliga 2024-25"]
[Site "Germany"]
[Date "2025.01.11"]
[Round "5.12"]
[White "Efimenko, Zahar"]
[Black "Van Foreest, Jorden"]
[Result "0-1"]
[Annotator "TA"]
[ECO "C84"]
[WhiteElo "2567"]
[BlackElo "2687"]
[PlyCount "98"]
[EventDate "2024.09.27"]
[EventType "team-tourn"]
[EventCountry "GER"]
[SourceTitle "playchess.com"]
[Source "ChessBase"]
[SourceQuality "1"]
[WhiteTeam "Werder Bremen"]
[BlackTeam "Duesseldorf"]
[TimeControl "40/5400+30:1800+30"]

1. e4 e5 2. Nf3 Nc6 3. Bb5 a6 4. Ba4 Nf6 5. O-O Be7 6. d3 b5 7. Bb3 d6 8. a4 Bd7 9. Be3 O-O 10. axb5 axb5 11. Nc3 {[%emt 0:00:07] The position is equal.} Rxa1 12. Qxa1 Nb4 13. Na2 Nc6 14. Nc3 Nb4 15. Qa5 c5 16. Ra1 Qxa5 17. Rxa5 Rb8 18. Bg5 Bd8 19. Ra1 Be6 20. Bxe6 fxe6 21. Ne1 Nc6 22. Ne2 Kf7 23. h3 Ke8 24. Be3 Kd7 25. f4 exf4 26. Nxf4 g5 27. Ne2 g4 28. h4 Nh5 29. Bf2 Bf6 30. Ra2 Kc7 {[%emt 0:04:30] Black is more active.} (30... b4 $17 {Hoping for ...b3.} 31. b3 Bd8) 31. g3 $15 Bg7 32. b3 (32. Kg2 $15) 32... Kb7 33. c3 {[%emt 0:01:54] Dodges Nb4} b4 34. cxb4 {[%emt 0:00:09] Black continues to play with concentration.} (34. d4 $1 $15) 34... Nxb4 $17 35. Ra4 Nc6 $36 {[%emt 0:01:07][%mdl 2048] Black is on the roll.} 36. Nc2 Kc7 37. d4 cxd4 38. Ncxd4 Bxd4 39. Nxd4 Nxd4 40. Rxd4 {[%emt 0:01:11][%cal Oe4e5][%mdl 4096] Endgame. [#] KRB-KRN} e5 $1 41. Rc4+ Kd7 42. Ra4 Nf6 43. b4 (43. Kf1 {was worth a try.}) 43... Nxe4 $19 44. b5 $2 (44. h5 {keeps fighting.}) 44... d5 {[%emt 0:00:00] Black is clearly winning.} 45. Rb4 (45. Ra7+ $142 Ke6 46. Ra6+ Kf5 47. b6) 45... Nxf2 46. Kxf2 h5 47. Rb1 Rb6 {[%emt 0:00:00] [#] aiming for ...d4.} 48. Ke2 Kd6 {[%emt 0:00:00] And now ...d4 would win.} 49. Kd2 d4 {[%emt 0:04:46] Weighted Error Value: White=0.44/Black=0.05 (flawless) .  Mistake:       	White=5     	Black=1      Inaccurate:     	White=2     	---        OK:         	White=11    	Black=20     Best:        	White=1     	---} 0-1

[Event "German Bundesliga 2024-25"]
[Site "Germany"]
[Date "2025.01.11"]
[Round "5.13"]
[White "Esipenko, Andrey"]
[Black "Van Foreest, Lucas"]
[Result "1/2-1/2"]
[Annotator "TA"]
[ECO "C55"]
[WhiteElo "2682"]
[BlackElo "2520"]
[PlyCount "65"]
[EventDate "2024.09.27"]
[EventType "team-tourn"]
[EventCountry "GER"]
[SourceTitle "playchess.com"]
[Source "ChessBase"]
[SourceQuality "1"]
[WhiteTeam "Duesseldorf"]
[BlackTeam "Werder Bremen"]
[TimeControl "40/5400+30:1800+30"]

1. e4 e5 2. Nf3 Nc6 3. Bc4 Nf6 4. Nc3 Nxe4 5. Nxe4 d5 6. Bd3 {[%emt 0:00:11] White wants to play Nc3.} Nb4 (6... dxe4 {simplifies} 7. Bxe4 Nd4 8. Nxd4 exd4 9. O-O Be7) 7. Nc3 e4 {[%emt 0:00:37] [#]} 8. Bxe4 $1 dxe4 9. Nxe4 Bf5 10. d3 Bxe4 $1 11. dxe4 Qxd1+ 12. Kxd1 Bc5 13. a3 O-O-O+ 14. Nd2 Nc6 15. f3 Be3 16. c3 {[%emt 0:01:41] [#]} Rxd2+ $1 17. Bxd2 Rd8 18. Ke2 $1 Bxd2 19. Rad1 Bf4 20. Rxd8+ Kxd8 21. g3 Bd6 22. f4 f6 23. b4 Ke7 24. h4 Nd8 25. Rb1 c6 26. a4 Bc7 27. a5 Nf7 28. Kd3 Ke6 29. h5 Ke7 30. Rb2 Ke6 31. Rb1 Ke7 32. Rb2 Ke6 33. Rb1 1/2-1/2

[Event "German Bundesliga 2024-25"]
[Site "Germany"]
[Date "2025.01.11"]
[Round "5.13"]
[White "Bogosavljevic, Boban"]
[Black "Michalik, Peter"]
[Result "1/2-1/2"]
[Annotator "TA"]
[ECO "D02"]
[WhiteElo "2480"]
[BlackElo "2562"]
[PlyCount "82"]
[EventDate "2024.09.27"]
[EventType "team-tourn"]
[EventCountry "GER"]
[SourceTitle "playchess.com"]
[Source "ChessBase"]
[SourceQuality "1"]
[WhiteTeam "Deggendorf"]
[BlackTeam "TU Dresden"]
[TimeControl "40/5400+30:1800+30"]

1. Nf3 d5 2. d4 Nf6 3. g3 c5 4. Bg2 cxd4 5. O-O a6 6. Nxd4 e5 7. Nb3 Be7 8. Bg5 Nbd7 9. c4 dxc4 10. N3d2 Qc7 11. Qc1 Nb6 12. a4 Be6 13. b3 O-O 14. a5 Nbd7 15. Nxc4 Rac8 16. Nbd2 Qb8 17. Qb2 Bc5 ({Black should try} 17... Rc5 $11) 18. Bxf6 Bd4 (18... gxf6 $11 19. Rac1 b5 20. axb6 Nxb6) 19. Bxe5 $1 $16 Bxe5 20. Nxe5 Nxe5 21. Rfc1 f6 22. Rxc8 Rxc8 23. Rc1 Rd8 24. Nc4 Nc6 25. b4 h5 26. h3 h4 27. g4 Qf4 28. e3 Qg5 {[%emt 0:00:03] [#]} 29. Nd2 $1 Qb5 30. Ne4 Bf7 {[%emt 0:01:19] [#]} (30... Qxb4 $16 {might work better.} 31. Qxb4 Nxb4) 31. Nc3 (31. Nc5 $1 $18 ) 31... Qxb4 $16 32. Qxb4 Nxb4 33. Rb1 Na2 34. Ne4 (34. Nxa2 Bxa2 35. Ra1 (35. Rxb7 Rd1+ 36. Kh2 Rd2 $11) 35... Bc4) 34... Rd5 $1 35. Rxb7 Rxa5 36. Nd6 Bg6 $1 37. f4 Bd3 $1 38. Ne8 (38. Bf1 $14 Nb4 39. Bxd3 (39. Rxb4 Ra1 $11) 39... Nxd3 40. Ra7) 38... Nc3 $11 39. Nd6 ({But not} 39. Rxg7+ Kf8 40. Rd7 Bb5 (40... Kxe8 41. Rxd3 Ra1+ 42. Kh2 $16) 41. Nxf6 Ra1+ 42. Kf2 Bxd7 43. Nxd7+ Kg7 $17) 39... Ra1+ 40. Kh2 Ra2 41. Kh1 Ra1+ 1/2-1/2

[Event "German Bundesliga 2024-25"]
[Site "Germany"]
[Date "2025.01.11"]
[Round "5.14"]
[White "Hracek, Zbynek"]
[Black "Sadhwani, Raunak"]
[Result "1/2-1/2"]
[Annotator "TA"]
[ECO "C67"]
[WhiteElo "2541"]
[BlackElo "2675"]
[PlyCount "41"]
[EventDate "2024.09.27"]
[EventType "team-tourn"]
[EventCountry "GER"]
[SourceTitle "playchess.com"]
[Source "ChessBase"]
[SourceQuality "1"]
[WhiteTeam "Werder Bremen"]
[BlackTeam "Duesseldorf"]
[TimeControl "40/5400+30:1800+30"]

1. e4 e5 2. Nf3 Nc6 3. Bb5 Nf6 4. O-O Nxe4 5. Re1 Nd6 6. Nxe5 Be7 7. Bf1 Nxe5 8. Rxe5 O-O 9. d4 Bf6 10. Re1 Re8 11. Bf4 Rxe1 12. Qxe1 Ne8 13. c3 d5 14. Bd3 g6 15. Nd2 Ng7 16. Qe2 c6 17. Re1 Bf5 18. Bxf5 Nxf5 19. Nf3 Ng7 20. Be5 Bxe5 21. Nxe5 1/2-1/2